[ AOE2 MATCH · #507395865 ]
UnrankedBurmese vs Malians
Player's team · LOSS
Rival team · WIN
[ REPLAY ANALYSIS · EXTRACTED FROM THE RECORDED GAME ]
Feudal
9:26
Castle
—
Imperial
—
| APM avg | 63.6 |
| APM peak | 97 |
| eAPM avg | 20.4 |
| Villagers / military | 36 / 9 |
Focus
⚔️ 38.9% · 🌾 61.1%
Militia ×5 · Archer ×4
Feudal
10:34
Castle
—
Imperial
—
| APM avg | 94.2 |
| APM peak | 129 |
| eAPM avg | 38.5 |
| Villagers / military | 38 / 14 |
Focus
⚔️ 43.7% · 🌾 56.3%
Archer ×10 · Militia ×3 · Spearman ×1
Match map
Initial resources + every placement click. Lines = walls · curves = elevation contours. ◆ gold · ⬟ stone · ● berries · ✦ relic · ◌ wall gap
Your base· Open — unwalled flank
iamkaito's base· ✓ Closed at 12:00 · 55t walls · 1 gate(s)
Smoothed initial terrain · ◌ = detected wall gap · hover for details
Inputs per minute
— NoSoyNobu - - iamkaito
Build order — NoSoyNobu
84 actions detected in the replay
| 0:01 | Queue | Villager (Male) ×4 |
| 0:02 | Build | House |
| 0:02 | Build | House |
| 1:31 | Queue | Villager (Male) |
| 1:31 | Queue | Villager (Male) |
| 2:02 | Queue | Villager (Male) |
| 2:03 | Queue | Villager (Male) |
| 2:11 | Build | Lumber Camp |
| 2:18 | Queue | Villager (Male) |
| 2:51 | Queue | Villager (Male) |
| 2:51 | Queue | Villager (Male) |
| 3:06 | Queue | Villager (Male) |
| 3:38 | Queue | Villager (Male) |
| 3:38 | Queue | Villager (Male) |
| 3:49 | Build | House |
| 3:56 | Queue | Villager (Male) |
| 4:21 | Queue | Villager (Male) |
| 4:21 | Queue | Villager (Male) |
| 4:27 | Build | House |
| 4:44 | Queue | Villager (Male) |
| 5:11 | Queue | Villager (Male) |
| 5:33 | Build | Barracks |
| 5:53 | Queue | Villager (Male) |
| 5:54 | Queue | Villager (Male) |
| 6:11 | Research | Loom |
| 6:50 | Build | House |
| 7:15 | Build | Mining Camp |
| 7:16 | Research | Feudal Age |
| 7:16 | Research | Feudal Age |
| 7:40 | Queue | Militia |
| 7:41 | Queue | Militia |
| 7:41 | Queue | Militia |
| 8:28 | Queue | Militia |
| 8:29 | Queue | Militia |
| 9:06 | Build | Palisade Wall |
| 9:26 | Age | Feudal Age |
| 9:26 | Build | Palisade Wall |
| 9:32 | Queue | Villager (Male) |
| 9:32 | Queue | Villager (Male) |
| 9:43 | Build | House |
| 9:46 | Build | Palisade Wall |
| 9:56 | Build | House |
| 9:57 | Build | Palisade Wall |
| 10:08 | Queue | Villager (Male) |
| 10:24 | Research | Man-at-Arms (upgrade) |
| 10:24 | Research | Man-at-Arms (upgrade) |
| 10:28 | Build | Palisade Wall |
| 10:28 | Build | Palisade Wall |
| 10:31 | Research | Arson |
| 10:33 | Build | Palisade Wall |
| 10:51 | Build | Archery Range |
| 11:01 | Queue | Villager (Male) |
| 11:02 | Queue | Villager (Male) |
| 11:05 | Build | Mill |
| 11:08 | Build | Mill |
| 11:20 | Build | Palisade Wall |
| 11:32 | Queue | Villager (Male) |
| 11:32 | Queue | Villager (Male) |
| 11:32 | Queue | Villager (Male) |
| 11:44 | Queue | Archer |
| 11:44 | Queue | Archer |
| 12:03 | Queue | Villager (Male) |
| 12:11 | Build | Farm |
| 12:12 | Build | Farm |
| 12:13 | Queue | Archer |
| 12:44 | Queue | Archer |
| 12:50 | Queue | Villager (Male) |
| 12:52 | Build | Farm |
| 12:54 | Build | Farm |
| 12:56 | Build | Farm |
| 13:18 | Queue | Villager (Male) |
| 13:33 | Build | Palisade Gate |
| 13:34 | Build | House |
| 13:35 | Build | Palisade Wall |
| 13:37 | Queue | Villager (Male) |
| 13:41 | Build | House |
| 13:49 | Build | House |
| 13:52 | Build | Palisade Wall |
| 13:54 | Build | Palisade Wall |
| 14:23 | Queue | Villager (Male) |
| 14:53 | Queue | Villager (Male) |
| 14:55 | Build | Farm |
| 15:06 | Queue | Villager (Male) |
| 15:10 | Build | Farm |
Build order — iamkaito
96 actions detected in the replay
| 0:01 | Queue | Villager (Male) |
| 0:01 | Queue | Villager (Male) |
| 0:02 | Build | House |
| 0:04 | Build | House |
| 0:15 | Queue | Villager (Male) |
| 0:15 | Queue | Villager (Male) |
| 1:33 | Queue | Villager (Male) |
| 1:59 | Build | Lumber Camp |
| 2:00 | Queue | Villager (Male) |
| 2:19 | Queue | Villager (Male) |
| 2:48 | Queue | Villager (Male) |
| 3:17 | Queue | Villager (Male) |
| 3:41 | Queue | Villager (Male) |
| 3:57 | Build | House |
| 3:58 | Build | House |
| 4:06 | Queue | Villager (Male) |
| 4:10 | Queue | Villager (Male) |
| 4:31 | Build | Palisade Wall |
| 4:54 | Build | Barracks |
| 4:58 | Queue | Villager (Male) |
| 5:25 | Build | House |
| 5:26 | Queue | Villager (Male) |
| 5:27 | Queue | Villager (Male) |
| 5:31 | Build | Palisade Wall |
| 6:08 | Queue | Villager (Male) |
| 6:12 | Queue | Militia |
| 6:12 | Queue | Militia |
| 6:13 | Queue | Militia |
| 6:23 | Build | Mill |
| 6:33 | Queue | Villager (Male) |
| 6:48 | Build | Palisade Wall |
| 6:49 | Build | Palisade Wall |
| 7:02 | Build | House |
| 7:04 | Build | Palisade Wall |
| 7:05 | Queue | Villager (Male) |
| 7:16 | Research | Loom |
| 7:24 | Build | Palisade Wall |
| 7:55 | Queue | Villager (Male) |
| 8:00 | Build | Palisade Wall |
| 8:24 | Research | Feudal Age |
| 8:27 | Build | House |
| 9:26 | Build | Mining Camp |
| 9:36 | Build | Palisade Wall |
| 9:48 | Build | Palisade Gate |
| 9:50 | Build | Palisade Wall |
| 9:51 | Build | Palisade Wall |
| 10:22 | Build | House |
| 10:34 | Age | Feudal Age |
| 10:36 | Build | Palisade Wall |
| 10:38 | Queue | Villager (Male) |
| 10:40 | Research | Double-Bit Axe |
| 10:42 | Queue | Villager (Male) |
| 10:53 | Queue | Villager (Male) |
| 10:57 | Queue | Villager (Male) |
| 11:00 | Build | Archery Range |
| 11:02 | Build | House |
| 11:17 | Queue | Villager (Male) |
| 11:41 | Queue | Villager (Male) |
| 11:52 | Queue | Archer |
| 11:52 | Queue | Archer |
| 11:59 | Build | Farm |
| 12:00 | Build | Farm |
| 12:03 | Queue | Spearman |
| 12:06 | Queue | Villager (Male) |
| 12:12 | Build | Palisade Wall |
| 12:20 | Queue | Villager (Male) |
| 12:22 | Queue | Archer |
| 12:26 | Queue | Villager (Male) |
| 12:33 | Queue | Villager (Male) |
| 12:46 | Queue | Villager (Male) |
| 12:53 | Build | Farm |
| 13:14 | Queue | Archer |
| 13:17 | Queue | Villager (Male) |
| 13:40 | Queue | Villager (Male) |
| 13:43 | Build | Blacksmith |
| 13:51 | Queue | Villager (Male) |
| 13:52 | Queue | Archer |
| 13:58 | Queue | Villager (Male) |
| 14:07 | Queue | Archer |
| 14:19 | Queue | Villager (Male) |
| 14:22 | Build | House |
| 14:22 | Queue | Archer |
| 14:27 | Build | Lumber Camp |
| 14:29 | Queue | Villager (Male) |
| 14:33 | Build | House |
| 14:35 | Build | House |
| 14:51 | Queue | Archer |
| 14:59 | Research | Fletching |
| 15:00 | Queue | Archer |
| 15:01 | Queue | Villager (Male) |
| 15:02 | Build | House |
| 15:11 | Build | Farm |
| 15:13 | Build | Farm |
| 15:14 | Build | Farm |
| 15:15 | Queue | Villager (Male) |
| 15:16 | Queue | Archer |
Match timeline
| 4:31 | iamkaito · wall_segment Palisade Wall x1 |
| 4:54 | iamkaito · first_building Barracks |
| 5:31 | iamkaito · wall_segment Palisade Wall x2 |
| 5:33 | NoSoyNobu · first_building Barracks |
| 6:48 | iamkaito · wall_segment Palisade Wall x6 |
| 6:49 | iamkaito · wall_segment Palisade Wall x5 |
| 7:04 | iamkaito · wall_segment Palisade Wall x6 |
| 7:24 | iamkaito · wall_segment Palisade Wall x16 |
| 8:00 | iamkaito · wall_segment Palisade Wall x2 |
| 9:06 | NoSoyNobu · wall_segment Palisade Wall x1 |
| 9:26 | NoSoyNobu · age_up feudal |
| 9:26 | NoSoyNobu · wall_segment Palisade Wall x1 |
| 9:36 | iamkaito · wall_segment Palisade Wall x11 |
| 9:46 | NoSoyNobu · wall_segment Palisade Wall x1 |
| 9:50 | iamkaito · wall_segment Palisade Wall x3 |
| 9:51 | iamkaito · wall_segment Palisade Wall x3 |
| 9:57 | NoSoyNobu · wall_segment Palisade Wall x1 |
| 10:28 | NoSoyNobu · wall_segment Palisade Wall x1 |
| 10:28 | NoSoyNobu · wall_segment Palisade Wall x1 |
| 10:33 | NoSoyNobu · wall_segment Palisade Wall x1 |
| 10:34 | iamkaito · age_up feudal |
| 10:36 | iamkaito · wall_segment Palisade Wall x1 |
| 10:51 | NoSoyNobu · first_building Archery Range |
| 11:00 | iamkaito · first_building Archery Range |
| 11:20 | NoSoyNobu · wall_segment Palisade Wall x1 |
| 12:12 | iamkaito · wall_segment Palisade Wall x1 |
| 13:35 | NoSoyNobu · wall_segment Palisade Wall x1 |
| 13:52 | NoSoyNobu · wall_segment Palisade Wall x3 |
| 13:54 | NoSoyNobu · wall_segment Palisade Wall x6 |
| 15:19 | NoSoyNobu · resign |
[ AI ANALYSIS · 1 CREDIT ]
What really happened in this match?
Wolo.gg analyzes every decision: build order, eco, micro, common mistakes by bracket. Personalized analysis on WhatsApp or Discord in 30 seconds.
Civ guide
Burmese
Perfil
Jugador #5841610